General information
- name: BNet
- type: Ladder team game (AT/RT)
- host: Battle.net
- saver: ThePrimeBanker
map: HurricaneIsle
- players: 8
- length: 37:45
- speed: Fast
- version: 1.26 W3XP
- replay type: Public
» download(190 KB)
Players
team 1 (loser)
NatureBoyWOOOOO (
yellow | 58 APM | 2194 actions | 37:44)
7 Archmage
3 Summon Water Elemental
3 Brilliance Aura
1 Mass Teleport
» actions
| Assign group hotkey | 200 | |
| Basic commands | 168 | |
| Build / train | 74 | |
| Enter build submenu | 32 | |
| Enter hero's abilities submenu | 7 | |
| Give item / drop item | 6 | |
| Right click | 753 | |
| Select / deselect | 324 | |
| Select group hotkey | 486 | |
| Use ability | 143 | |
2194 total
» units
| Peasant | 15 | |
| Footman | 7 | |
| Goblin Shredder | 2 | |
| Goblin Zeppelin | 4 | |
| Gryphon Rider | 5 | |
| Dragonhawk Rider | 2 | |
| Goblin Sapper | 7 | |
42 total
» upgrades
| Defend | 1 | |
| Masonry | 3 | |
| Swords | 3 | |
| Armor | 3 | |
| Cloud | 1 | |
| Animal War Training | 1 | |
| Storm Hammers | 1 | |
13 total
» buildings
| Farm | 11 | |
| Altar of Kings | 1 | |
| Barracks | 1 | |
| Arcane Vault | 4 | |
| Lumber Mill | 1 | |
| Keep | 1 | |
| Castle | 1 | |
| Town Hall | 4 | |
| Gryphon Aviary | 12 | |
| Blacksmith | 2 | |
38 total
» build order
00:25 Farm
00:43 Altar of Kings
00:56 Barracks
01:07 Farm
01:09 Farm
02:12 Arcane Vault
02:43 Lumber Mill
03:08 Keep
05:06 Farm
05:40 Castle
05:57 Town Hall
07:49 Gryphon Aviary
07:49 Gryphon Aviary
07:50 Gryphon Aviary
07:52 Gryphon Aviary
07:52 Gryphon Aviary
07:53 Gryphon Aviary
08:04 Gryphon Aviary
08:04 Gryphon Aviary
08:04 Gryphon Aviary
08:58 Gryphon Aviary
08:58 Gryphon Aviary
08:58 Gryphon Aviary
09:45 Farm
09:48 Farm
11:02 Town Hall
11:12 Farm
11:12 Farm
11:13 Farm
11:15 Farm
11:18 Farm
11:24 Blacksmith
11:26 Blacksmith
12:45 Town Hall
13:43 Arcane Vault
19:19 Arcane Vault
19:24 Arcane Vault
19:29 Town Hall
» items
| Scroll of Regeneration | 5 | |
| Scroll of Town Portal | 1 | |
| Mechanical Critter | 1 | |
| Potion of Healing | 2 | |
9 total
PRO.REAPER. (
purple | 53 APM | 1982 actions | 37:14)
5 Blademaster
3 Wind Walk
2 Critical Strike
2 Shadow Hunter
1 Hex
1 Healing Wave
» actions
| Assign group hotkey | 67 | |
| Basic commands | 63 | |
| Build / train | 90 | |
| Enter build submenu | 29 | |
| Enter hero's abilities submenu | 7 | |
| Give item / drop item | 4 | |
| Remove unit from queue | 2 | |
| Right click | 740 | |
| Select / deselect | 335 | |
| Select group hotkey | 511 | |
| Use ability | 133 | |
1982 total
» units
| Peon | 17 | |
| Grunt | 4 | |
| Goblin Shredder | 2 | |
| Goblin Zeppelin | 3 | |
| Troll Batrider | 6 | |
| Goblin Sapper | 6 | |
| Wind Rider | 2 | |
| Kodo Beast | 5 | |
45 total
» upgrades
| Ranged Weapons | 3 | |
| Armor | 3 | |
| Reinforced Defenses | 1 | |
| Liquid Fire | 1 | |
| Envenomed Spears | 1 | |
| Ensnare | 1 | |
10 total
» buildings
| Altar of Storms | 1 | |
| Orc Burrow | 7 | |
| Barracks | 1 | |
| Voodoo Lounge | 1 | |
| Stronghold | 2 | |
| War Mill | 2 | |
| Great Hall | 2 | |
| Beastiary | 5 | |
| Watch Tower | 33 | |
| Fortress | 2 | |
56 total
» build order
00:13 Altar of Storms
00:24 Orc Burrow
00:46 Barracks
01:31 Orc Burrow
01:55 Voodoo Lounge
03:00 Stronghold
03:55 Orc Burrow
04:18 War Mill
04:55 Great Hall
05:45 Beastiary
06:44 Watch Tower
06:45 Watch Tower
06:54 Watch Tower
07:06 Watch Tower
07:07 Watch Tower
07:07 Watch Tower
08:28 Fortress
08:29 Fortress
08:33 Beastiary
08:45 Watch Tower
08:46 Watch Tower
09:48 Watch Tower
09:49 Watch Tower
09:49 Watch Tower
10:11 Orc Burrow
10:12 Orc Burrow
11:57 Watch Tower
11:58 Watch Tower
12:04 Watch Tower
12:05 Watch Tower
12:05 Watch Tower
12:06 Watch Tower
12:06 Watch Tower
12:11 Watch Tower
12:54 Watch Tower
12:54 Watch Tower
12:54 Watch Tower
12:55 Watch Tower
12:55 Watch Tower
14:00 Watch Tower
14:01 Watch Tower
14:47 Watch Tower
14:48 Watch Tower
14:48 Watch Tower
14:48 Watch Tower
14:49 Watch Tower
16:20 Beastiary
16:23 Beastiary
16:24 Beastiary
18:01 Great Hall
18:08 Orc Burrow
18:09 Orc Burrow
19:33 War Mill
» items
| Healing Salve | 5 | |
| Scroll of Town Portal | 6 | |
| Orb of Lightning | 1 | |
| Tiny Great Hall | 1 | |
| Staff of Teleportation | 2 | |
| Potion of Lesser Invulnerability | 2 | |
17 total
6DaSuFfeR6 (
teal | 24 APM | 615 actions | 25:57)
4 Mountain King
2 Storm Bolt
2 Bash
» actions
| Basic commands | 2 | |
| Build / train | 86 | |
| Enter build submenu | 25 | |
| Enter hero's abilities submenu | 4 | |
| Remove unit from queue | 3 | |
| Right click | 222 | |
| Select / deselect | 243 | |
| Use ability | 30 | |
615 total
» units
| Peasant | 14 | |
| Footman | 16 | |
| Rifleman | 4 | |
| Gryphon Rider | 25 | |
| Goblin Zeppelin | 2 | |
61 total
» upgrades
| Masonry | 3 | |
| Swords | 2 | |
| Plating | 2 | |
| Lumber Harvesting | 2 | |
| Gunpowder | 2 | |
| Storm Hammers | 1 | |
| Armor | 1 | |
13 total
» buildings
| Altar of Kings | 1 | |
| Farm | 10 | |
| Barracks | 1 | |
| Lumber Mill | 1 | |
| Keep | 1 | |
| Blacksmith | 1 | |
| Arcane Vault | 1 | |
| Castle | 1 | |
| Gryphon Aviary | 1 | |
| Scout Tower | 2 | |
| Guard Tower | 2 | |
| Town Hall | 1 | |
23 total
» build order
00:13 Altar of Kings
00:16 Farm
00:38 Barracks
01:20 Farm
01:59 Lumber Mill
02:30 Farm
04:59 Keep
05:08 Farm
05:38 Blacksmith
06:43 Arcane Vault
07:44 Castle
10:26 Farm
11:33 Gryphon Aviary
11:38 Scout Tower
13:10 Scout Tower
13:46 Guard Tower
13:48 Guard Tower
14:59 Farm
15:04 Farm
19:08 Town Hall
19:56 Farm
19:59 Farm
21:07 Farm

»
noobalert01 (
blue | 26 APM | 892 actions | 34:35)
3 Archmage
1 Summon Water Elemental
2 Brilliance Aura
4 Paladin
2 Divine Shield
2 Devotion Aura
» actions
| Build / train | 74 | |
| Enter build submenu | 24 | |
| Enter hero's abilities submenu | 7 | |
| Give item / drop item | 1 | |
| Right click | 250 | |
| Select / deselect | 475 | |
| Use ability | 61 | |
892 total
» units
| Peasant | 14 | |
| Goblin Shredder | 1 | |
| Gryphon Rider | 14 | |
| Dragonhawk Rider | 9 | |
| Goblin Zeppelin | 3 | |
| Siege Engine | 5 | |
46 total
» upgrades
| Armor | 3 | |
| Storm Hammers | 1 | |
| Barrage | 1 | |
| Cloud | 1 | |
| Gunpowder | 3 | |
| Masonry | 1 | |
10 total
» buildings
| Farm | 11 | |
| Altar of Kings | 2 | |
| Keep | 1 | |
| Blacksmith | 1 | |
| Arcane Vault | 1 | |
| Lumber Mill | 1 | |
| Scout Tower | 3 | |
| Guard Tower | 1 | |
| Castle | 1 | |
| Gryphon Aviary | 2 | |
| Town Hall | 2 | |
| Workshop | 1 | |
27 total
» build order
00:08 Farm
00:39 Farm
01:29 Farm
01:35 Altar of Kings
01:53 Farm
02:45 Farm
03:30 Farm
03:49 Keep
03:57 Farm
04:04 Blacksmith
04:11 Arcane Vault
04:55 Lumber Mill
05:11 Scout Tower
05:14 Scout Tower
05:21 Farm
06:04 Scout Tower
06:09 Farm
06:11 Guard Tower
06:12 Castle
06:55 Farm
07:07 Gryphon Aviary
07:16 Gryphon Aviary
10:40 Town Hall
11:08 Workshop
13:58 Farm
14:34 Town Hall
24:50 Altar of Kings
» items
| Potion of Healing | 2 | |
| Scroll of Regeneration | 1 | |
| Orb of Fire | 1 | |
| Scroll of Town Portal | 2 | |
6 total
team 2 (winner)
ThePrimeBanker (
green | 83 APM | 3126 actions | 37:45)
7 Archmage
3 Summon Water Elemental
3 Brilliance Aura
1 Mass Teleport
6 Mountain King
3 Storm Bolt
2 Bash
1 Avatar
5 Blood Mage
2 Banish
3 Flame Strike
» actions
| Assign group hotkey | 56 | |
| Basic commands | 60 | |
| Build / train | 186 | |
| ESC pressed | 2 | |
| Enter build submenu | 63 | |
| Enter hero's abilities submenu | 19 | |
| Give item / drop item | 14 | |
| Right click | 1055 | |
| Select / deselect | 618 | |
| Select group hotkey | 819 | |
| Use ability | 233 | |
3126 total
» units
| Peasant | 25 | |
| Footman | 7 | |
| Goblin Shredder | 5 | |
| Goblin Zeppelin | 4 | |
| Dragonhawk Rider | 4 | |
| Gryphon Rider | 3 | |
48 total
» upgrades
| Masonry | 3 | |
| Defend | 1 | |
| Lumber Harvesting | 2 | |
| Swords | 3 | |
| Armor | 3 | |
| Cloud | 1 | |
| Storm Hammers | 1 | |
| Animal War Training | 1 | |
| Backpack | 1 | |
| Long Rifles | 1 | |
| Gunpowder | 3 | |
| Plating | 3 | |
| Barrage | 1 | |
| Flying Machine Bombs | 1 | |
| Flak Cannons | 1 | |
| Fragmentation Shards | 1 | |
| Flare | 1 | |
| Magic Sentry | 1 | |
| Sorceress Training | 2 | |
| Priest Training | 2 | |
| Control Magic | 1 | |
34 total
» buildings
| Altar of Kings | 1 | |
| Barracks | 1 | |
| Farm | 11 | |
| Arcane Vault | 2 | |
| Town Hall | 3 | |
| Lumber Mill | 1 | |
| Scout Tower | 36 | |
| Keep | 6 | |
| Guard Tower | 45 | |
| Blacksmith | 1 | |
| Castle | 2 | |
| Gryphon Aviary | 4 | |
| Workshop | 3 | |
| Arcane Sanctum | 2 | |
118 total
» build order
00:05 Altar of Kings
00:11 Barracks
00:16 Farm
01:21 Farm
01:38 Arcane Vault
02:06 Farm
03:13 Farm
04:03 Town Hall
04:33 Lumber Mill
05:01 Farm
05:10 Scout Tower
05:11 Scout Tower
05:16 Scout Tower
05:18 Scout Tower
05:21 Scout Tower
05:24 Scout Tower
05:32 Keep
05:32 Keep
05:48 Guard Tower
05:49 Guard Tower
05:50 Guard Tower
05:57 Guard Tower
06:00 Guard Tower
06:01 Guard Tower
06:06 Guard Tower
06:14 Guard Tower
06:14 Guard Tower
06:26 Scout Tower
06:27 Scout Tower
06:29 Scout Tower
06:30 Scout Tower
07:01 Blacksmith
07:09 Guard Tower
07:10 Guard Tower
07:23 Guard Tower
07:29 Guard Tower
07:42 Guard Tower
08:03 Castle
08:03 Castle
08:36 Farm
08:38 Farm
09:50 Gryphon Aviary
09:51 Gryphon Aviary
09:53 Gryphon Aviary
09:54 Gryphon Aviary
09:57 Arcane Vault
10:47 Farm
10:48 Farm
10:48 Farm
14:10 Farm
14:56 Scout Tower
14:57 Scout Tower
14:58 Scout Tower
15:17 Town Hall
15:23 Scout Tower
15:25 Scout Tower
15:28 Scout Tower
15:30 Scout Tower
15:32 Guard Tower
15:32 Guard Tower
15:35 Scout Tower
15:36 Scout Tower
15:37 Scout Tower
16:12 Guard Tower
16:12 Guard Tower
16:24 Guard Tower
18:18 Scout Tower
18:19 Scout Tower
19:09 Guard Tower
19:09 Guard Tower
19:11 Guard Tower
19:12 Guard Tower
21:08 Scout Tower
21:09 Scout Tower
21:26 Keep
21:26 Keep
21:31 Scout Tower
21:32 Scout Tower
21:32 Scout Tower
21:48 Guard Tower
21:48 Guard Tower
21:49 Scout Tower
23:18 Guard Tower
23:19 Guard Tower
23:21 Town Hall
23:26 Scout Tower
23:26 Scout Tower
23:28 Scout Tower
24:26 Guard Tower
24:26 Guard Tower
26:45 Scout Tower
26:46 Scout Tower
26:47 Scout Tower
26:48 Scout Tower
26:48 Scout Tower
27:09 Workshop
27:10 Workshop
27:11 Workshop
27:53 Guard Tower
27:54 Guard Tower
28:01 Arcane Sanctum
28:02 Arcane Sanctum
28:04 Guard Tower
28:04 Guard Tower
» items
| Scroll of Regeneration | 3 | |
| Lesser Clarity Potion | 1 | |
| Scroll of Town Portal | 4 | |
| Ivory Tower | 1 | |
| Boots of Speed | 2 | |
| Staff of Teleportation | 2 | |
| Mantle of Intelligence +3 | 1 | |
| Potion of Healing | 2 | |
| Belt of Giant Strength +6 | 1 | |
| Alleria's Flute of Accuracy | 1 | |
| The Lion Horn of Stormwind | 1 | |
19 total
ARGENTINA-K (
pink | 30 APM | 568 actions | 18:54)
1 Dreadlord
1 Sleep
» actions
| Assign group hotkey | 7 | |
| Basic commands | 84 | |
| Build / train | 44 | |
| Enter build submenu | 25 | |
| Enter hero's abilities submenu | 1 | |
| Right click | 96 | |
| Select / deselect | 169 | |
| Select group hotkey | 72 | |
| Use ability | 69 | |
568 total
» units
| Peon | 13 | |
| Acolyte | 3 | |
| Ghoul | 5 | |
| Frost Wyrm | 7 | |
| Goblin Zeppelin | 1 | |
29 total
» upgrades
| Creature Attack | 3 | |
| Creature Carapace | 3 | |
| Freezing Breath | 1 | |
7 total
» buildings
| Ziggurat | 9 | |
| Crypt | 1 | |
| Orc Burrow | 4 | |
| War Mill | 1 | |
| Graveyard | 1 | |
| Halls of the Dead | 4 | |
| Altar of Darkness | 1 | |
| Tomb of Relics | 1 | |
| Voodoo Lounge | 1 | |
| Black Citadel | 2 | |
| Sacrificial Pit | 1 | |
| Watch Tower | 3 | |
| Boneyard | 6 | |
35 total
» build order
00:21 Ziggurat
00:23 Crypt
00:28 Orc Burrow
00:44 War Mill
01:09 Graveyard
01:25 Ziggurat
01:54 Halls of the Dead
01:54 Halls of the Dead
02:28 Ziggurat
02:35 Ziggurat
02:47 Orc Burrow
03:13 Altar of Darkness
03:47 Tomb of Relics
04:07 Voodoo Lounge
04:26 Black Citadel
04:31 Sacrificial Pit
04:47 Ziggurat
04:48 Ziggurat
04:50 Ziggurat
05:05 Orc Burrow
05:05 Orc Burrow
05:42 Ziggurat
05:42 Ziggurat
06:06 Watch Tower
06:06 Watch Tower
06:07 Watch Tower
06:49 Boneyard
06:51 Boneyard
06:53 Boneyard
06:59 Boneyard
08:33 Boneyard
08:35 Boneyard
Deathwing (
orange | 21 APM | 460 actions | 22:22)
3 Keeper of the Grove
2 Force of Nature
1 Entangling Roots
» actions
| Assign group hotkey | 9 | |
| Build / train | 36 | |
| Enter build submenu | 22 | |
| Enter hero's abilities submenu | 3 | |
| Right click | 177 | |
| Select / deselect | 169 | |
| Select group hotkey | 9 | |
| Use ability | 35 | |
460 total
» units
| Wisp | 15 | |
| Archer | 4 | |
| Chimaera | 3 | |
| Hippogryph | 3 | |
25 total
» upgrades
| Strength of the Wild | 2 | |
| Reinforced Hides | 2 | |
| Corrosive Breath | 1 | |
5 total
» buildings
| Altar of Elders | 1 | |
| Moon Well | 6 | |
| Ancient of War | 3 | |
| Tree of Ages | 1 | |
| Hunter's Hall | 1 | |
| Tree of Eternity | 1 | |
| Tree of Life | 2 | |
| Ancient of Wind | 2 | |
| Chimaera Roost | 3 | |
20 total
» build order
00:18 Altar of Elders
00:21 Moon Well
01:44 Ancient of War
02:01 Ancient of War
02:17 Ancient of War
02:41 Moon Well
03:00 Tree of Ages
03:54 Moon Well
04:55 Hunter's Hall
05:27 Tree of Eternity
07:39 Tree of Life
08:04 Ancient of Wind
08:09 Ancient of Wind
09:23 Chimaera Roost
09:38 Chimaera Roost
09:41 Chimaera Roost
11:17 Tree of Life
11:40 Moon Well
11:45 Moon Well
14:02 Moon Well
Chat log
(00:13 / All) noobalert01: dont leave
(00:27 / Allies) Deathwing: who's got him?
(00:34 / Allies) ARGENTINA-K: me
(00:38 / Allies) Deathwing: k
(00:53 / All) NatureBoyWOOOOO: OOOOH THAT WAS SO REALLLLLLL
(01:40 / All) PRO.REAPER.: how y'all doing
(02:08 / All) PRO.REAPER.: aint kind to upset your elders
(02:21 / All) NatureBoyWOOOOO: This ain't a garden party, brother
(02:25 / All) NatureBoyWOOOOO: This is WARCRAFT
(02:30 / All) NatureBoyWOOOOO: where only the strongest survive
(03:31 / All) NatureBoyWOOOOO: WE GOT A WARCRAFT HISTORIAN UP IN THIS BITCH
(06:16 / All) PRO.REAPER.: gold
(06:33 / All) PRO.REAPER.: 200 gold
(11:22 / Specific player) ThePrimeBanker: lol
(11:29 / Allies) ARGENTINA-K: plz wells moons
(11:35 / All) PRO.REAPER.: GET THE FUCK OUT NIGGER RED
(12:40 / Allies) ARGENTINA-K: ?????
(12:50 / Specific player) ThePrimeBanker: lol
(12:59 / Allies) ARGENTINA-K: ok u control
(13:05 / Allies) Deathwing: ?
(13:45 / All) PRO.REAPER.: lets hit him yellow
(14:13 / Allies) Deathwing: ???
(14:21 / Allies) Deathwing: what is going on?
(14:28 / All) PRO.REAPER.: nigger
(14:30 / Specific player) ThePrimeBanker: someone else unsummoned him, I think argentina
(14:44 / Allies) ThePrimeBanker: argentina is a bser and unsummoned him
(15:03 / All) Deathwing: stupid pink team killed
(15:08 / All) PRO.REAPER.: shut up faggot leave
(15:17 / All) Deathwing: lol noob
(15:18 / All) ARGENTINA-K: im making the effort of controlling him
(15:37 / All) ARGENTINA-K: and u come
(15:57 / All) ARGENTINA-K: putting units out
(16:07 / All) ARGENTINA-K: all effort was nonsence
(16:09 / All) ARGENTINA-K: so
(16:14 / All) ARGENTINA-K: i unsummon
(16:22 / All) ARGENTINA-K: just that
(16:28 / All) ARGENTINA-K: idc
(16:29 / All) Deathwing: puting units out, I didnt touch them you retard
(16:42 / All) ARGENTINA-K: idc
(16:44 / All) ARGENTINA-K: whoever
(17:04 / All) Deathwing: such a retard had to be from argentina
(17:07 / All) PRO.REAPER.: blue hit pink
(17:10 / All) ARGENTINA-K: and u?
(17:14 / All) ARGENTINA-K: u boliviano
(17:16 / All) ARGENTINA-K: paraguayo
(17:23 / All) ARGENTINA-K: la concha de tu madre
(17:30 / All) Deathwing: Brasileiro you retard
(18:00 / All) ARGENTINA-K: azul es malisimo
(18:05 / All) ARGENTINA-K: blue is bad
(18:06 / All) noobalert01: shut up
(18:13 / All) ARGENTINA-K: ohhhh
(18:16 / All) ARGENTINA-K: otro pelotudo
(18:47 / All) ARGENTINA-K: bye
(18:51 / All) ARGENTINA-K: free win for u enemy
(18:51 / All) ARGENTINA-K: bye
(18:55 / All) noobalert01: fag
(18:56 / All) PRO.REAPER.: STAY PINK PLZ
(18:59 / All) NatureBoyWOOOOO: :(
(19:43 / All) PRO.REAPER.: give me wood blue and ill give u gold
(20:39 / All) NatureBoyWOOOOO: I'm a limousine ridin', jet flyin', kiss stealin', wheelin' dealin' son of a gun. WOOOO!!
(23:12 / All) noobalert01: haha yellow ur sbsing... so cool
(23:23 / All) ThePrimeBanker: Leave faggots
(23:46 / Specific player) ThePrimeBanker: ty
(23:46 / All) PRO.REAPER.: dumb nigger
(23:48 / All) PRO.REAPER.: i asked fo rwood
(23:52 / All) PRO.REAPER.: dont ignor eme bitch
(23:53 / Specific player) ThePrimeBanker: I'm glad they kept hitting ginger Jake
(23:59 / All) noobalert01: act like i care.. why are u all bsing me again???
(24:00 / All) PRO.REAPER.: GIVE ME SOME SUGAR BABY
(24:10 / All) PRO.REAPER.: HAIL TO THE KING
(24:30 / All) noobalert01: so u both bs me why?? teals the bad 1?
(24:33 / All) ThePrimeBanker: Why do you keep saying that shitty "give me some sugar" line?
(24:44 / All) NatureBoyWOOOOO: I'm a limousine ridin', jet flyin', kiss stealin', wheelin' dealin' son of a gun. WOOOO!!
(24:45 / All) PRO.REAPER.: GIVE ME SOME SUGAR BABY
(26:01 / All) NatureBoyWOOOOO: THIS AIN'T A GARDEN PARTY, BROTHER
(26:04 / All) NatureBoyWOOOOO: THIS IS WARCRAFT
(26:07 / All) PRO.REAPER.: FIRST YOU WANT TO KILL ME BLUE, THEN YOU WANT TO KISS ME,
(26:08 / All) PRO.REAPER.: BLOW
(26:09 / All) NatureBoyWOOOOO: ONLY THE STRONGEST SURVIVE
(26:16 / All) noobalert01: whne did i kill u again?
(26:26 / All) ThePrimeBanker: You can leave now. You have our permission.
(26:34 / All) noobalert01: talk shit green plz
(26:36 / All) PRO.REAPER.: QUIT ACTING LIKE A CHILD BLUE U KNOW WHAT U DID
(26:51 / All) noobalert01: i guess..
(27:40 / All) ThePrimeBanker: two legion doom horns, god damn
(28:41 / All) PRO.REAPER.: RUN NOBLE NIGHT
(29:08 / All) ThePrimeBanker: Respect #3, faggot.
(29:18 / All) noobalert01: damn prp he fukced u up
(29:18 / All) ThePrimeBanker: Blue, you have to obey #3
(29:20 / All) ThePrimeBanker: He is above you
(29:23 / All) PRO.REAPER.: I WAS chasing the paladin idiot
(29:30 / All) ThePrimeBanker: I know lol
(29:42 / All) NatureBoyWOOOOO: LOL
(29:44 / All) noobalert01: good luck green
(29:49 / All) noobalert01: u can take these 2 scrubs.
(29:53 / All) ThePrimeBanker: There is no luck this game. It's all skill.
(29:58 / All) noobalert01: they are very noob.
(30:21 / All) noobalert01: lest not get crazy.. but ya they both suck.. prps a bad ass w/ wyvs.. wel none now so hit him top right
(30:33 / All) ThePrimeBanker: Are you that daft?
(30:44 / All) NatureBoyWOOOOO: lol
(30:46 / All) ThePrimeBanker: This game was rigged from the start, son.
(30:51 / All) PRO.REAPER.: u will not kill me
(30:52 / All) PRO.REAPER.: turncoat
(30:57 / All) noobalert01: hows that green?
(31:03 / All) PRO.REAPER.: i am trained the art of squire
(31:04 / All) ThePrimeBanker: If he does I'll join him, you god damned redheaded stabber.
(31:10 / All) NatureBoyWOOOOO: He killed himself in an effort to maintain his dignity
(31:19 / All) noobalert01: hows it rigged?
(31:24 / All) PRO.REAPER.: i taught sir turncat how to play wc3 and i am still the master
(31:31 / All) NatureBoyWOOOOO: what|?
(31:36 / All) NatureBoyWOOOOO: when did this happen lawl
(31:38 / All) PRO.REAPER.: you heard me you vile dog
(31:41 / All) ThePrimeBanker: Once you were the master, but we are both your better twenty times now.
(31:50 / All) noobalert01: how was it rigged mother fucker
(31:51 / All) PRO.REAPER.: the ole whale still has it
(32:02 / All) NatureBoyWOOOOO: if anything I learned from Dratsab
(32:04 / All) noobalert01: besides u three being fucking nerds
(32:10 / All) NatureBoyWOOOOO: Dartsb
(32:14 / All) PRO.REAPER.: u learned from me sir turncat
(32:20 / All) NatureBoyWOOOOO: Nay sir you are delusional
(32:28 / All) ThePrimeBanker: It was rigged, blue. You're too daft to realise it though. If we explained you probably still wouldn't understand
(32:28 / All) PRO.REAPER.: dont argue with ur daddy
(32:31 / All) PRO.REAPER.: little foot gonna rape u
(32:34 / All) NatureBoyWOOOOO: I'm your daddy and your king
(32:40 / All) noobalert01: yup. to daft.
(33:11 / All) NatureBoyWOOOOO: dratsab learned me the shift key
(33:21 / All) ThePrimeBanker: Can you send 1 gryphon to the middle, please? I'd like to get lvl 3 brilliance aura.
(33:53 / All) ThePrimeBanker: Nice try.
(34:12 / All) NatureBoyWOOOOO: Dinosauras are extinct gain
(34:20 / All) PRO.REAPER.: little foot pawns u
(34:23 / All) ThePrimeBanker: May I have 1 gryphon for lvl 3 brilliance aura, my Caesar?
(34:28 / All) NatureBoyWOOOOO: I just slaughted him and his whole family
(34:29 / All) PRO.REAPER.: PAST THE ROCK THAT LOOKED LIKE A LONGNECK
(34:33 / All) NatureBoyWOOOOO: it's heading that way
(34:37 / All) ThePrimeBanker: Thank you.
(34:41 / All) PRO.REAPER.: SARAHS TURN
(34:43 / All) PRO.REAPER.: DUCKY!
(34:59 / All) PRO.REAPER.: A TREEEEEEEEEEE STAR
(35:08 / All) PRO.REAPER.: ROCKTOOTH!
(35:16 / All) ThePrimeBanker: I have every aura item in the game except for War Drums.
(35:26 / All) PRO.REAPER.: NEW game? who gets the loss
(35:33 / All) NatureBoyWOOOOO: blue get loss
(35:34 / All) ThePrimeBanker: Sec, I almost have 100% tech
(35:45 / All) ThePrimeBanker: I need it for the score screen bros.
(35:54 / All) PRO.REAPER.: first off, u 2 faggots need to start warning people when their about to hit one of our 3 bases, u guys are ignorant in this
(35:56 / All) PRO.REAPER.: regard
(36:00 / All) ThePrimeBanker: i didn't care if he did lol.
(36:04 / All) ThePrimeBanker: We were thinking of teaming you.
(36:12 / All) ThePrimeBanker: Weakening you would be good for us.
(36:14 / All) PRO.REAPER.: u mihgt have left if it happened to u
(36:15 / All) PRO.REAPER.: thats my point
(36:23 / All) ThePrimeBanker: ^^^^^^^^^ Voice chat, faggot. Move out of your parents' house.
(36:29 / All) PRO.REAPER.: u guys are on voice?
(36:35 / All) ThePrimeBanker: This isn't 6 years ago, you are not 20. You have no excuse.
(36:43 / All) PRO.REAPER.: im 25 wtf
(36:46 / All) NatureBoyWOOOOO: we're not on voice
(36:51 / All) ThePrimeBanker: 19, whatever. I don't even know your age.
(36:53 / All) NatureBoyWOOOOO: but we CAN BE
(37:02 / All) PRO.REAPER.: so who get sthe loss
(37:02 / All) ThePrimeBanker: ok I have 100% tech percentage, blue gets loss
(37:05 / All) ThePrimeBanker: unless I fucked up
(37:11 / All) PRO.REAPER.: new accounts retards
(37:31 / All) ThePrimeBanker: leave so he gets the loss?
(37:39 / All) NatureBoyWOOOOO: |got to kill his hall
(37:41 / All) NatureBoyWOOOOO: it's symbolic
(37:42 / All) NatureBoyWOOOOO: k